 Dungeon Crawl Stone Soup version 0.20.0-8-g6b59dc7 (webtiles) character file.

66437 Kriby the Executioner (level 14, -3/140 HPs)
             Began as a Minotaur Berserker on May 30, 2017.
             Was the Champion of Trog.
             Slain by an orc priest
             ... wielding a +0 trident
              (6 damage)
             ... on level 2 of the Orcish Mines.
             The game lasted 00:34:32 (22875 turns).

Kriby the Executioner (Minotaur Berserker)         Turns: 22875, Time: 00:34:33

Health: -3/140     AC: 13    Str: 28    XL:     14   Next: 79%
Magic:  13/13      EV: 11    Int:  6    God:    Trog [******]
Gold:   1507       SH:  5    Dex:  9    Spells: 13/13 levels left

rFire    + . .     SeeInvis +   O - +2 battleaxe (elec)
rCold    + . .     Gourm    .   (shield currently unavailable)
rNeg     . . .     Faith    .   i - +0 ring mail
rPois    .         Spirit   .   R - +1 hat {MR+}
rElec    .         Reflect  +   f - scarf {rC+ rF+}
rCorr    .         Harm     .   j - +1 pair of gloves
MR       +++..                  (no boots)
Stlth    +.........             a - +5 amulet of reflection
Regen    0.4/turn               F - ring of see invisible
MPRegen  0.2/turn               S - ring of protection from magic

@: berserk cooldown, slowed, very slow
A: retaliatory headbutt, horns 2, thin metallic scales 1, camouflage 1, clever 1
a: Berserk, Trog's Hand, Brothers in Arms, Burn Spellbooks, Renounce Religion


You were on level 2 of the Orcish Mines.
You worshipped Trog.
Trog was exalted by your worship.
You were very hungry.

You visited 3 branches of the dungeon, and saw 20 of its levels.
You also visited: Labyrinth, Sewer and Ice Cave.

You collected 1507 gold pieces.

Inventory:

Hand Weapons
 g - a +6 antimagic broad axe
 L - a +3 broad axe of draining
 N - a +2 battleaxe of freezing
 O - a +2 battleaxe of electrocution (weapon)
 U - the +7 flail of Defilement {crush, MR++ MP-9 Stlth+}
   (You found it in a labyrinth)

   It inflicts extra damage upon your enemies.
   It affects your resistance to hostile enchantments.
   It affects your magic capacity (-9).
   It makes you more stealthy.
Missiles
 D - 4 poisoned javelins (quivered)
Armour
 f - a scarf of resistance (worn)
 i - a +0 ring mail (worn)
 j - a +1 pair of gloves (worn)
 R - a +1 hat of magic resistance (worn)
 V - the +0 cloak of the Armoured One {+Fly Str+2}
   (You found it in a labyrinth)

   It affects your strength (+2).
   It lets you fly.
Jewellery
 a - a +5 amulet of reflection (around neck)
 F - a ring of see invisible (left hand)
 G - an uncursed ring of flight
 S - a ring of protection from magic (right hand)
Wands
 o - a wand of clouds (7/9)
 v - a wand of flame (17/48)
 w - a wand of lightning (9/15)
 E - a wand of acid (4/15)
 J - a wand of lightning (6/15)
 K - a wand of paralysis (4/24)
 M - a wand of iceblast (14/15)
 P - a wand of paralysis (11/24)
 T - a wand of polymorph (11/24)
 W - a wand of lightning (3/15)
 Y - a wand of acid (8/15)
Scrolls
 b - 2 scrolls of fog {unknown}
 d - a scroll of magic mapping
 l - 5 scrolls of identify
 n - 5 scrolls of remove curse
 y - a scroll of fear
 B - 2 scrolls of teleportation
 Q - 4 scrolls of recharging
Potions
 e - 11 potions of curing
 k - 2 potions of mutation
 q - 2 potions of resistance
 r - 4 potions of heal wounds
 t - 5 potions of might
 u - 7 potions of agility
 z - 3 potions of flight
 A - 3 potions of brilliance
 C - a potion of cancellation
 H - 3 potions of haste
Books
 x - a book of Minor Magic

   Spells                             Type                      Level
   a - Magic Dart                     Conjuration                  1
   b - Blink                          Translocation                2
   c - Call Imp                       Summoning                    2
   d - Slow                           Hexes                        2
   e - Conjure Flame                  Conjuration/Fire             3
   f - Mephitic Cloud                 Conjuration/Poison/Air       3
   Trog disapproves of the use of such an item.
Miscellaneous
 I - a fan of gales
 X - a sack of spiders
 Z - 2 phantom mirrors
Comestibles
 c - 8 bread rations
 h - 10 meat rations
 p - 22 fruits
 s - 20 royal jellies


   Skills:
 + Level 17.5 Fighting
 - Level 21.2 Axes
 * Level 11.6 Armour
 - Level 2.1 Dodging


You had 13 spell levels left.
You didn't know any spells.

Dungeon Overview and Level Annotations

Branches:
Dungeon (12/15)            Temple (0/1) D:4            Lair (6/6) D:9
  Swamp (0/4) Lair:4       Spider (0/4) Lair:2        Slime (0/5) Lair:6
    Orc (2/2) D:12
    Elf: Orc:2

Altars:
Cheibriados
Gozag
Makhleb
Okawaru
Qazlal
Ru
Zin

Shops:
D:9 :   D:10 (   D:11 !   Orc:2 %

Portals:
Hell: Lair:6

Annotations:
D:7 2 transporters
D:10 1 runed door
Lair:6 exclusion: oklob plant


Innate Abilities, Weirdness & Mutations

You reflexively headbutt those who attack you in melee.
You have a pair of horns on your head.
You are partially covered in thin metallic scales. (AC +2)
Your skin changes colour to match your surroundings (Stealth+).
Your mind is acute. (Int +2)


Message History

The orc knight draws strength from your wounds!
An orc wizard comes into view. It is wielding a dagger.
The orc wizard shouts!
The orc warlord roars a battlecry!
The orcs go into a battle-frenzy!
The orc priest calls upon Beogh to heal the orc knight.
The orc knight is healed somewhat.
The orc warrior hits you from afar with a halberd of holy wrath!
* * * LOW HITPOINT WARNING * * *
There is a stone staircase leading up, spattered with blood here.
Items here: ))) [[ † The orc priest calls upon Beogh to heal the orc knight.
The orc knight is healed somewhat.
The orc wizard hits you with a dagger.
* * * LOW HITPOINT WARNING * * *
The orc knight closely misses you.
The orc warrior hits you from afar with a halberd of holy wrath!!
* * * LOW HITPOINT WARNING * * *
The orc wizard hits you but does no damage.
The orc priest hits you from afar with a trident.
You die...

........∩....##
...............
...............
...............
.C.............
(..o...........
T..#...........
..#oooo@o......
......)o.......
.......)oo...<.
.....#..o......
...............
...............
........##.....
......### .....
....# .....


You could see an orc warlord, an orc knight, an ettin (wandering), a troll, 3
orc warriors, 2 orc priests, 2 orc wizards and an orc.

Vanquished Creatures
  Gastronok (D:9)
  A stone giant (Orc:2)
  Snorg (Lair:3)
  A minotaur (Lab)
  7 hydras
  An alligator (Lair:6)
  A catoblepas (Lair:6)
  A two-headed ogre (D:10)
  A death yak (Lair:6)
  Sonja (Lair:2)
  A sixfirhy (Lair:6)
  An unseen horror (D:10)
  A wizard (Lair:6)
  Pikel (D:7)
  An orb spider (Lair:2)
  An orc knight (Orc:1)
  2 cyclopes
  An orc sorcerer (Orc:1)
  2 ugly things (IceCv)
  A manticore (D:11)
  6 elephants (Lair:6)
  3 ice statues (IceCv)
  6 black mambas
  Psyche (D:10)
  3 kobold demonologists (D:8)
  10 spiny frogs
  12 komodo dragons
  4 rime drakes
  2 red devils (Lair:6)
  4 ice devils (Lair:6)
  2 trolls (Orc:1)
  A hellwing (Lair:6)
  2 polar bears (Lair:6)
  A hornet (D:11)
  33 dream sheep
  Grinder (D:3)
  31 blink frogs
  10 hippogriffs
  35 yaks
  A basilisk (D:10)
  A steam dragon (D:12)
  A hungry ghost (D:9)
  Grum (D:12)
  7 vampire mosquitoes
  A soldier ant (D:12)
  A warg (Orc:1)
  12 water moccasins
  Duvessa (D:4)
  5 porcupines
  3 hell hounds (Lair:6)
  10 orc warriors
  5 sky beasts
  A hornet zombie (D:11)
  17 ice beasts
  A black bear (shapeshifter) (D:12)
  2 necrophages (D:10)
  2 slaves (D:7)
  8 ogres
  13 wolves
  2 centaurs (D:9)
  14 crocodiles
  8 big kobolds
  8 bullfrogs
  3 scorpions
  Dowan (D:4)
  13 wights
  An electric eel (Lair:4)
  3 crimson imps
  A howler monkey (D:11)
  2 centaur zombies
  4 hounds
  A quasit (D:12)
  A bullfrog zombie (D:6)
  16 jellies
  A bullfrog skeleton (D:6)
  11 orc priests
  3 centaur skeletons
  7 orc wizards
  2 iguanas
  5 worker ants
  A hound skeleton (D:8)
  2 hound zombies (D:6)
  3 worker ant zombies
  7 gnolls
  2 howler monkey skeletons
  6 river rats (Sewer)
  12 adders
  2 shadow imps
  7 oozes
  3 adder skeletons
  2 adder zombies (D:6)
  2 dart slugs (D:1)
  3 leopard geckos
  68 orcs
  9 ball pythons
  6 giant cockroaches
  10 goblins
  11 hobgoblins
  9 jackals
  3 quokkas
  6 bats
  3 frilled lizards
  A jackal zombie (D:3)
  38 kobolds
  A quokka zombie (D:6)
  22 rats
  A butterfly (Lair:1)
  A fungus (Lair:6)
  2 plants (Lair:2)
638 creatures vanquished.

Vanquished Creatures (collateral kills)
  Nessos (Lair:5)
  A hydra (Lair:6)
  2 yaks (Lair:6)
4 creatures vanquished.

Vanquished Creatures (others)
  An adder (D:7)
  2 fungi (Lair:6)
  7 plants
10 creatures vanquished.

Grand Total: 652 creatures vanquished

Notes
Turn   | Place    | Note
-------+----------+-------------------------------------------
     0 | D:1      | Kriby the Minotaur Berserker began the quest for the Orb.
     0 | D:1      | Reached XP level 1. HP: 19/19 MP: 0/0
   243 | D:1      | Reached skill level 4 in Axes
   252 | D:1      | Reached XP level 2. HP: 22/27 MP: 1/1
   698 | D:1      | Reached XP level 3. HP: 33/33 MP: 2/2
   716 | D:1      | Reached ** piety under Trog
  1350 | D:2      | Reached skill level 5 in Axes
  1406 | D:2      | Reached XP level 4. HP: 36/41 MP: 3/3
  1748 | D:3      | Reached skill level 5 in Fighting
  1966 | D:3      | Noticed Grinder
  1984 | D:3      | Killed Grinder
  1984 | D:3      | Reached skill level 6 in Axes
  1984 | D:3      | Reached XP level 5. HP: 50/50 MP: 4/4
  1984 | D:3      | Reached XP level 6. HP: 57/57 MP: 5/5
  2169 | D:3      | Found a sacrificial altar of Ru.
  2177 | D:3      | Reached skill level 7 in Axes
  2240 | D:3      | Found a glowing drain.
  2287 | Sewer    | Entered a sewer
  2391 | Sewer    | Reached *** piety under Trog
  2797 | Sewer    | Reached skill level 8 in Axes
  2797 | Sewer    | Reached XP level 7. HP: 35/64 MP: 6/6
  3480 | D:4      | Found a staircase to the Ecumenical Temple.
  3555 | D:4      | Reached **** piety under Trog
  3631 | D:4      | Noticed Dowan
  3636 | D:4      | Noticed Duvessa
  3636 | D:4      | Killed Dowan
  3640 | D:4      | Killed Duvessa
  3640 | D:4      | Reached skill level 9 in Axes
  4115 | D:5      | Entered Level 5 of the Dungeon
  4574 | D:5      | Reached XP level 8. HP: 50/74 MP: 7/7
  4578 | D:5      | Gained mutation: You are partially covered in thin metallic scales. (AC +2) [mutagenic meat]
  4579 | D:5      | Gained mutation: Your system is resistant to poisons. (rPois) [mutagenic meat]
  4912 | D:5      | Reached skill level 10 in Axes
  5087 | D:6      | Reached skill level 11 in Axes
  5195 | D:6      | Reached ***** piety under Trog
  5207 | D:6      | Received a gift from Trog
  5543 | D:6      | Found a stormy altar of Qazlal.
  5801 | D:7      | Found a transporter.
  5829 | D:7      | Found a transporter.
  5830 | D:7      | Noticed a seven-headed hydra
  5830 | D:7      | Noticed a manticore
  5837 | D:7      | Found an iron altar of Okawaru.
  5942 | D:7      | Noticed Pikel
  5943 | D:7      | Noticed a hippogriff
  5950 | D:7      | Killed Pikel
  5950 | D:7      | Reached skill level 12 in Axes
  5950 | D:7      | Reached XP level 9. HP: 84/84 MP: 8/8
  6197 | D:7      | Reached skill level 10 in Fighting
  6389 | D:7      | Reached skill level 13 in Axes
  6593 | D:8      | Noticed a kobold demonologist
  6594 | D:8      | Noticed a kobold demonologist
  6598 | D:8      | Noticed a kobold demonologist
  6601 | D:8      | Noticed a sun demon
  6601 | D:8      | Noticed a sixfirhy
  6605 | D:8      | Noticed a hellwing
  6606 | D:8      | Killed a kobold demonologist
  6610 | D:8      | Killed a kobold demonologist
  6610 | D:8      | Reached XP level 10. HP: 94/94 MP: 9/9
  6615 | D:8      | Noticed a smoke demon
  6619 | D:8      | Reached skill level 14 in Axes
  6795 | D:8      | Received a gift from Trog
  7275 | D:9      | Found a snail-covered altar of Cheibriados.
  7354 | D:9      | Found an opulent altar of Gozag.
  7360 | D:9      | Found a glowing silver altar of Zin.
  7965 | D:9      | Noticed Gastronok
  7973 | D:9      | Killed Gastronok
  7973 | D:9      | Reached skill level 15 in Axes
  8078 | D:9      | Found Durijyr's Book Boutique.
  8130 | D:9      | Found a staircase to the Lair.
  8486 | Lair:1   | Entered Level 1 of the Lair of Beasts
  8533 | Lair:1   | Noticed a spiny frog
  8541 | Lair:1   | Found a labyrinth entrance.
  8551 | Lair:1   | Killed a spiny frog
  8551 | Lair:1   | Reached XP level 11. HP: 104/104 MP: 10/10
  8559 | Lab      | Entered a labyrinth
  8648 | Lab      | Noticed a minotaur
  8652 | Lab      | Killed a minotaur
  8652 | Lab      | Reached skill level 16 in Axes
  8657 | Lab      | Got a twitching lead amulet
  8658 | Lab      | Got a polished flail
  8658 | Lab      | Got a faintly humming cloak
  8748 | Lair:1   | Found a frozen archway.
  8759 | IceCv    | Entered an ice cave
  8760 | IceCv    | Identified the cursed +0 cloak of the Armoured One {+Fly Str+2} (You found it in a labyrinth)
  8761 | IceCv    | Identified the amulet of Levity {Gourm Str+4} (You found it in a labyrinth)
  8764 | IceCv    | Identified the +7 flail of Defilement {crush, MR++ MP-9 Stlth+} (You found it in a labyrinth)
  8846 | IceCv    | Noticed a white ugly thing
  8854 | IceCv    | Killed a white ugly thing
  9939 | IceCv    | Noticed a white ugly thing
  9951 | IceCv    | Killed a brown ugly thing
 10075 | Lair:1   | Reached skill level 17 in Axes
 10960 | Lair:2   | Noticed Sonja
 10997 | Lair:2   | Killed Sonja
 11015 | Lair:2   | Noticed an orb spider
 11016 | Lair:2   | Found a hole to the Spider Nest.
 11142 | Lair:2   | Killed an orb spider
 11189 | Lair:2   | Noticed a six-headed hydra
 11195 | Lair:2   | Killed a six-headed hydra
 11195 | Lair:2   | Reached XP level 12. HP: 101/115 MP: 11/11
 11196 | Lair:2   | Reached skill level 18 in Axes
 11843 | Lair:3   | Received a gift from Trog
 12316 | Lair:3   | Noticed a six-headed hydra
 12323 | Lair:3   | Killed a six-headed hydra
 12434 | Lair:3   | Noticed Snorg
 12446 | Lair:3   | Killed Snorg
 13172 | Lair:4   | Found a staircase to the Swamp.
 13994 | Lair:5   | Reached skill level 19 in Axes
 14520 | Lair:5   | Got a warped long sword
 14676 | Lair:5   | Noticed a five-headed hydra
 14683 | Lair:5   | Killed a five-headed hydra
 15201 | Lair:5   | Noticed Nessos
 15219 | Lair:5   | HP: 4/118 [Nessos/arrow (16)]
 15220 | Lair:5   | Killed Nessos
 15908 | Lair:5   | Lost mutation: Your system is resistant to poisons. (rPois) [potion of mutation]
 15908 | Lair:5   | Lost mutation: You are partially covered in thin metallic scales. (AC +2) [potion of mutation]
 15908 | Lair:5   | Gained mutation: You are partially covered in thin metallic scales. (AC +2) [potion of mutation]
 15908 | Lair:5   | Gained mutation: Your skin changes colour to match your surroundings (Stealth+). [potion of mutation]
 15908 | Lair:5   | Gained mutation: Your mind is acute. (Int +2) [potion of mutation]
 15940 | Lair:5   | Reached XP level 13. HP: 105/125 MP: 12/12
 16094 | Lair:5   | Reached skill level 15 in Fighting
 16095 | Lair:5   | Reached skill level 20 in Axes
 16340 | Lair:6   | Entered Level 6 of the Lair of Beasts
 17394 | Lair:6   | Reached skill level 21 in Axes
 17949 | Lair:6   | Found a staircase to the Slime Pits.
 18001 | Lair:6   | Reached skill level 5 in Armour
 18079 | Lair:6   | Reached ****** piety under Trog
 18796 | Lair:6   | Reached XP level 14. HP: 132/138 MP: 13/13
 18918 | Lair:6   | Received a gift from Trog
 18943 | Lair:6   | Identified the cursed +3 long sword of Eternal Harmony {freeze, -Tele rElec MR+ Dex+4} (You found it on level 5 of the Lair of Beasts)
 19767 | Lair:6   | Found a burning altar of Makhleb.
 19839 | Lair:6   | Found a gateway to Hell.
 20171 | D:10     | Entered Level 10 of the Dungeon
 20235 | D:10     | Noticed a storm dragon
 20246 | D:10     | Reached skill level 10 in Armour
 20449 | D:10     | Noticed Psyche
 20457 | D:10     | Killed Psyche
 20507 | D:10     | Noticed Grum
 20538 | D:10     | Found Wobig's Antique Weapon Boutique.
 20625 | D:10     | Found a runed door.
 21020 | D:11     | Received a gift from Trog
 21423 | D:11     | Found Hykkefer's Distillery.
 21888 | D:12     | Found a staircase to the Orcish Mines.
 21933 | D:12     | Killed Grum
 22191 | Orc:1    | Entered Level 1 of the Orcish Mines
 22259 | Orc:1    | Received a gift from Trog
 22850 | Orc:2    | Entered Level 2 of the Orcish Mines
 22850 | Orc:2    | Found Niheir's Food Emporium.
 22850 | Orc:2    | Noticed a stone giant
 22855 | Orc:2    | Killed a stone giant
 22873 | Orc:2    | Noticed an orc warlord
 22875 | Orc:2    | HP: 3/140 [orc warrior/halberd of holy wrath (27)]
 22875 | Orc:2    | Slain by an orc priest

Skill      XL: |  1  2  3  4  5  6  7  8  9 10 11 12 13 14 |
---------------+-------------------------------------------+-----
Axes           | 4 5 6 8 9 12 13 15 17 19 21 | 21.2
Fighting       | 4 5 6 7 9 10 12 13 14 16 17 | 17.5
Armour         | 5 11 | 11.6
Dodging        | |  2.1

Action                   |  1- 3 |  4- 6 |  7- 9 | 10-12 | 13-15 || total
-------------------------+-------+-------+-------+-------+-------++-------
Melee: Hand axe          |    66 |   114 |   219 |    17 |       ||   416
       Headbutt          |     6 |    10 |    42 |    68 |    90 ||   216
       Battleaxe         |       |       |       |   358 |   473 ||   831
       Flail             |       |       |       |     5 |     8 ||    13
Invok: Berserk           |       |     2 |     3 |     8 |    12 ||    25
       Burn Spellbooks   |       |       |       |     2 |       ||     2
       Trog's Hand       |       |       |       |     1 |     1 ||     2
       Brothers in Arms  |       |       |       |     2 |     2 ||     4
Evoke: Wand              |       |       |       |     4 |     1 ||     5
  Use: Scroll            |       |     2 |     2 |    17 |     8 ||    29
       Potion            |       |       |       |    13 |     1 ||    14
 Stab: Sleeping          |       |     1 |       |       |     1 ||     2
       Distracted        |       |       |       |       |     1 ||     1
  Eat: Chunk             |     2 |     6 |    15 |    39 |    27 ||    89
       Fruit             |       |       |       |     3 |     1 ||     4
       Meat ration       |       |       |       |     1 |       ||     1
Armor: Animal skin       |    10 |    20 |     4 |       |       ||    34
       Ring mail         |       |       |    82 |   146 |   137 ||   365
Dodge: Dodged            |    46 |    57 |    68 |   175 |   222 ||   568
Block: Other             |       |       |       |       |    41 ||    41
       Reflection        |       |       |       |       |     5 ||     5
